AoeStats
← |GaoeG| flamingo

Arabia

509877965Analyzed
3v3 RM · 3d ago on Sep 28, 2026· 57m 0s· 6 players
Game mode
Random Map
Map size
Normal (6 player)
Population
200
Speed
Normal
Resources
Standard
Victory
Conquest
Starting age
Dark Age
Ending age
Imperial Age
RankedLock teamsTeams togetherTeam positionsShared explorationLock speedFull tech treeHidden civsTurbo modeCheats
Victory
Defeat
🇪🇸 Magyars · Spain
1431
+11
🇪🇸 Vietnamese · Spain
1297
+16
🇪🇸 Varangians · Spain
1190
+20
🇨🇳 Magyars · China
1371
-19
🇹🇼 Mongols · Taiwan
1270
-14
🇨🇳 Khmer · China
1267
-14
SuterOne
8:33 Loom
11:07 Feudal Age
11:54 Double-Bit Axe
14:50 Bloodlines
23:05 Castle Age
21:48 Horse Collar
24:42 Bow Saw
25:42 Scale Mail Armor
27:22 Elite Skirmisher
29:40 Pikeman
31:21 Wheelbarrow
38:51 Imperial Age
36:52 Squires
37:09 Chain Mail Armor
37:05 Forging
38:24 Forging
38:09 Fletching
40:13 Plate Mail Armor
40:19 Iron Casting
41:27 Halberdier
46:30 Blast Furnace
45:55 Conscription
45:57 Arson
46:39 Town Watch
47:09 Hand Cart
46:59 Heavy Plow
48:26 Elite Varangian Guard
50:00 Gold Mining
53:04 Town Patrol
|GaoeG| flamingo
6:54 Loom
9:42 Feudal Age
10:50 Double-Bit Axe
14:16 Town Watch
15:27 Fletching
19:31 Wheelbarrow
23:24 Castle Age
23:26 Horse Collar
23:58 Bloodlines
23:54 Padded Archer Armor
23:49 Crossbowman
24:28 Bodkin Arrow
26:16 Bow Saw
26:31 Gold Mining
30:41 Husbandry
30:59 Leather Archer Armor
32:59 Ballistics
33:29 Thumb Ring
35:26 Heavy Plow
39:14 Hand Cart
43:21 Imperial Age
44:06 Bracer
45:13 Chemistry
44:34 Heavy Cavalry Archer
47:44 Scale Mail Armor
48:37 Squires
47:57 Pikeman
48:56 Chain Mail Armor
48:51 Forging
49:31 Halberdier
50:46 Ring Archer Armor
50:51 Plate Mail Armor
54:19 Iron Casting
54:31 Paper Money
56:23 Arson
JITANOmaleant7
5:57 Loom
8:42 Feudal Age
9:28 Double-Bit Axe
18:09 Wheelbarrow
22:19 Castle Age
20:12 Horse Collar
23:00 Bloodlines
22:57 Scale Barding Armor
23:54 Heavy Plow
25:02 Bow Saw
26:32 Gold Mining
30:25 Chain Barding Armor
32:13 Husbandry
39:17 Imperial Age
37:28 Gold Shaft Mining
37:16 Heated Shot
39:18 Cavalier
40:24 Hand Cart
41:05 Plate Barding Armor
41:45 Paladin
47:44 Pikeman
48:25 Scale Mail Armor
52:35 Chain Mail Armor
55:32 Light Cavalry
fox0503
7:46 Feudal Age
6:02 Loom
14:08 Double-Bit Axe
15:05 Horse Collar
20:09 Castle Age
21:46 Bow Saw
23:21 Bloodlines
24:08 Scale Barding Armor
24:38 Forging
27:00 Chain Barding Armor
26:46 Husbandry
27:27 Town Watch
30:00 Iron Casting
32:24 Fletching
33:15 Bodkin Arrow
38:10 Imperial Age
37:58 Wheelbarrow
38:40 Elite Steppe Lancer
40:36 Blast Furnace
39:38 Light Cavalry
40:50 Heavy Camel Rider
41:31 Murder Holes
42:48 Hussar
49:59 Hand Cart
49:45 Town Patrol
鹏程
5:12 Loom
9:28 Feudal Age
12:36 Wheelbarrow
12:06 Horse Collar
18:59 Town Watch
19:30 Bloodlines
24:17 Castle Age
22:52 Gold Mining
22:55 Double-Bit Axe
27:44 Scale Barding Armor
28:51 Chain Barding Armor
30:40 Heavy Plow
30:53 Bow Saw
32:30 Gold Shaft Mining
32:20 Fletching
36:23 Bodkin Arrow
39:50 Hand Cart
42:05 Husbandry
47:14 Imperial Age
47:19 Cavalier
48:37 Plate Barding Armor
49:05 Two-Man Saw
54:56 Bracer
12014665
6:54 Loom
9:57 Feudal Age
11:20 Double-Bit Axe
17:39 Scale Barding Armor
19:38 Forging
23:38 Castle Age
22:24 Gold Mining
22:18 Horse Collar
23:37 Bloodlines
23:25 Stone Mining
25:57 Gold Shaft Mining
26:28 Bow Saw
27:59 Chain Barding Armor
29:27 Heavy Plow
30:39 Iron Casting
32:02 Husbandry
33:46 Fletching
37:21 Wheelbarrow
37:26 Stone Shaft Mining
40:22 Imperial Age
38:07 Light Cavalry
40:11 Hand Cart
40:55 Elite Battle Elephant
43:11 Conscription
42:26 Hussar
44:26 Plate Barding Armor
44:42 Town Watch
46:26 Blast Furnace
45:28 Padded Archer Armor
45:34 Bodkin Arrow
46:40 Pikeman
47:05 Arson
47:32 Scale Mail Armor
48:44 Halberdier
49:54 Chain Mail Armor
50:34 Bracer
50:51 Leather Archer Armor
51:33 Heavy Scorpion
53:59 Double Crossbow
55:06 Chemistry
55:02 Ballistics
54:50 Siege Engineers
55:47 Tusk Swords
56:27 Ring Archer Armor
Connection lost

Rejoining the realm…

Still unreachable

The connection could not be restored.

Session expired

The server has moved on; the page needs a fresh start.